 Dungeon Crawl Stone Soup version 0.28.0-53-g5a82cb258f (webtiles) character file.

Game seed: 16928741482970505368

5628 Plasmagod the Cleaver (level 8, -4/53 HPs)
             Began as a Gargoyle Fighter on July 25, 2022.
             Was a Priest of Ru.
             Slain by a yak (9 damage)
             ... on level 9 of the Dungeon.
             The game lasted 00:19:29 (8729 turns).

Plasmagod the Cleaver (Gargoyle Fighter)            Turns: 8729, Time: 00:19:30

Health: -4/53      AC: 23    Str: 21    XL:     8   Next: 74%
Magic:  8/8        EV:  6    Int:  8    God:    Ru [***...]
Gold:   502        SH:  5    Dex: 11    Spells: 7/7 levels left

rFire   + . .      SeeInvis .   u - +3 war axe
rCold   + + .      Faith    .   c - +0 buckler
rNeg    + + .      Spirit   .   i - +2 plate armour of Snakes and Ladders {Rampage rF+ rC++ rN+}
rPois   ∞          Reflect  .   (no helmet)
rElec   +          Harm     .   (no cloak)
rCorr   +          Rampage  +   b - +1 pair of gloves
Will    .....                   (no boots)
Stlth   ..........              (no amulet)
HPRegen 0.17/turn               n - ring of resist corrosion
MPRegen 0.11/turn               (no ring)

@: no status effects
A: sickness immunity, AC +5, negative energy resistance 1, electricity
resistance, torment resistance 1, petrification resistance, inability to train
dodging, disrupted magic 1, inexperienced 1
a: Renounce Religion, Draw Out Power


You were on level 9 of the Dungeon.
You worshipped Ru.
Ru was most pleased with you.
You visited 1 branch of the dungeon, and saw 9 of its levels.
You also visited: Bailey.

You collected 502 gold pieces.

Inventory:

Hand Weapons
 k - the +10 dagger "Haupeuf" {vorpal, Fly Will+++ Str+3 Dex-3}
   (You found it on level 7 of the Dungeon)

   It inflicts extra damage upon your enemies.
   Str:       It affects your strength (+3).
   Dex:       It affects your dexterity (-3).
   Fly:       It grants you flight.
   Will:      It greatly increases your willpower.
 o - a +4 hand axe
 u - a +3 war axe (weapon)
Missiles
 w - 2 throwing nets (quivered)
Armour
 b - a +1 pair of gloves (worn)
 c - a +0 buckler (worn)
 i - the +2 plate armour of Snakes and Ladders (worn) {Rampage rF+ rC++ rN+}
   (You found it in a bailey)

   rF:        It protects you from fire.
   rC:        It greatly protects you from cold.
   rN:        It protects you from negative energy.
   Rampage:   It bestows one free step when moving towards enemies.
 q - the +6 ring mail "Fulaan" {Fly}
   (You found it on level 3 of the Dungeon)

   Fly:       It grants you flight.
Magical Staves
 y - a staff of conjuration
Jewellery
 n - a ring of resist corrosion (left hand)
 r - a ring of fire
 x - a ring of see invisible
 C - a +4 ring of evasion
Wands
 a - a wand of acid (9)
 t - a wand of flame (19)
Scrolls
 d - 2 scrolls of enchant armour
 e - 5 scrolls of identify
 h - a scroll of magic mapping
 p - 2 scrolls of teleportation
 B - a scroll of vulnerability {unknown}
 D - 2 scrolls of fear {unknown}
Potions
 f - a potion of degeneration
 g - a potion of flight
 j - a potion of cancellation
 l - 2 potions of attraction
 m - 4 potions of curing
 s - 2 potions of haste
 v - a potion of ambrosia
 z - a potion of mutation {unknown}
 A - a potion of heal wounds {unknown}


   Skills:
 + Level 7.1 Fighting
 + Level 3.1 Short Blades
 + Level 9.1(9.4) Axes
 - Level 4.0(7.5) Maces & Flails
 + Level 8.6 Armour
 + Level 3.2 Stealth
 + Level 6.5 Shields


You had 7 spell levels left.
You didn't know any spells.
Your spell library contained the following spells:

 Spells                   Type           Power      Damage    Failure   Level
 Animate Skeleton         Necr           0%         N/A       100%        1
 Apportation              Tloc           0%         N/A       100%        1
 Summon Small Mammal      Summ           0%         N/A       100%        1
 Call Canine Familiar     Summ           0%         N/A       100%        3
 Summon Guardian Golem    Hex/Summ       0%         N/A       100%        3


Dungeon Overview and Level Annotations

Branches:
Dungeon (9/15)             Temple (0/1) D:6          Bailey (visited)
   Lair: D:8-11         Orc: D:9-12

Altars:
Ru
Xom
Beogh

Shops:
D:1 !   D:4 (   D:7 *

Annotations:
D:6 3 runed translucent doors, Peloso's ghost, novice MiFi


Innate Abilities, Weirdness & Mutations

You are immune to sickness and miasma.
Your stone body is resilient. (AC +5)
You are immune to poison.
You resist negative energy. (rN+)
You are resistant to electric shocks. (rElec)
You are resistant to unholy torment.
You are immune to petrification.
You cannot train Dodging skill.
Your casting is slightly disrupted.
You are somewhat inexperienced. (-2 XL)


Message History

The yak is almost dead.
You hit the yak but do no damage.
The centaur stops glowing.
The yak gores you but does no damage.
The yak is stunned by your conviction and fails to attack.
You closely miss the yak.
The yak is almost dead.
You hit the yak.
You redirect the yak's attack!
The yak barely misses the yak.
The yak gores you.
You barely miss the yak.
The yak is almost dead.
You hit the yak. The yak closely misses you. The yak gores you.
* * * LOW HITPOINT WARNING * * *
You hit the yak.
The yak is almost dead.
You slash the yak! The yak closely misses you.
The yak gores you but does no damage.
You slice the yak!!
You kill the yak!
You hit the yak. The yak gores you.
* * * LOW HITPOINT WARNING * * *
The centaur unwields a +0 shortbow.
The centaur hits you but does no damage.
The centaur kicks you.
* * * LOW HITPOINT WARNING * * *
You slash the centaur!
The centaur is severely wounded.
You barely miss the yak. The yak gores you but does no damage.
You redirect the centaur's attack!
The centaur barely misses the yak.
The centaur kicks the yak but does no damage.
The yak gores you.
* * * LOW HITPOINT WARNING * * *
You barely miss the centaur.
The centaur is severely wounded.
You closely miss the yak. The centaur hits you.
* * * LOW HITPOINT WARNING * * *
You block the centaur's attack. x2; The centaur completely misses you.
The yak gores you!
You die...

# # ####. ### #.#####...
..# .........# #.#
.........## #####.#
........Y##.##....#
#.c@.#...#..#
#.###.##....###### #.#
#.#..#.......#
...####c###.#.....####.#
..>...........#.#.# #<#
.#.########.....#.# #.#
#.#####.# #.# #.# #.#
#.# #.# #.# #.#


You could see a yak and a centaur.

Vanquished Creatures
  Harold (D:7)
  Erica (D:8)
  An orc knight (Bailey)
  Joseph (D:7)
  A centaur zombie (D:6)
  2 yaks (D:9)
  3 water moccasins
  8 orc warriors (Bailey)
  A black bear (D:4)
  A sky beast (D:5)
  A necrophage (D:6)
  2 phantoms (D:6)
  Blork the orc (D:5)
  2 bullfrogs
  5 wights (D:6)
  4 howler monkeys
  4 jellies
  A bullfrog skeleton (D:5)
  2 hounds
  2 orc priests (D:6)
  3 centaur skeletons
  2 gnoll shamans
  Jessica (D:2)
  4 iguanas
  2 orc wizards
  Terence (D:2)
  2 hound skeletons (D:4)
  Robin (D:2)
  8 adders
  8 gnolls
  A shadow imp (D:7)
  4 white imps
  2 ufetubi
  3 adder skeletons (D:4)
  2 worms (D:2)
  30 orcs
  6 ball pythons
  9 endoplasms
  4 giant cockroaches
  10 goblins
  7 hobgoblins
  12 jackals
  A quokka (D:1)
  4 bats
  2 frilled lizards (D:1)
  8 kobolds
  6 rats (D:1)
187 creatures vanquished.

Vanquished Creatures (others)
  Menkaure (D:7)
1 creature vanquished.

Grand Total: 188 creatures vanquished

Notes
Turn   | Place    | Note
-------+----------+-------------------------------------------
     0 | D:1      | Plasmagod the Gargoyle Fighter began the quest for the Orb.
     0 | D:1      | Reached XP level 1. HP: 14/14 MP: 1/1
   229 | D:1      | Reached XP level 2. HP: 19/19 MP: 2/2
   254 | D:1      | Found Gakeros's Distillery.
   516 | D:1      | Found a faded altar of an unknown god.
   786 | D:1      | Reached XP level 3. HP: 24/24 MP: 3/3
   932 | D:1      | HP: 1/24 [frozen (4)]
  1358 | D:2      | Reached XP level 4. HP: 29/29 MP: 4/4
  1409 | D:2      | Found a sacrificial altar of Ru.
  1416 | D:2      | Became a worshipper of Ru the Awakened
  1560 | D:2      | Noticed Robin
  1585 | D:2      | Killed Robin
  1836 | D:2      | Noticed Terence
  1842 | D:2      | Killed Terence
  1843 | D:2      | Reached XP level 5. HP: 31/33 MP: 5/5
  1867 | D:2      | Noticed Jessica
  1869 | D:2      | Killed Jessica
  2486 | D:3      | Reached XP level 6. HP: 38/38 MP: 6/6
  2897 | D:3      | Identified the +6 ring mail "Fulaan" {Fly}
  2909 | D:3      | Gained mutation: You cannot train Dodging skill. [Ru
                  | sacrifice]
  2909 | D:3      | Reached * piety under Ru
  3216 | D:4      | Reached skill level 1 in Axes
  3349 | D:4      | Noticed a black bear
  3352 | D:4      | Noticed a water moccasin
  3369 | D:4      | Killed a water moccasin
  3370 | D:4      | Reached skill level 2 in Axes
  3370 | D:4      | Reached skill level 5 in Armour
  3378 | D:4      | Killed a black bear
  3379 | D:4      | Reached XP level 7. HP: 23/43 MP: 7/7
  3570 | D:4      | Reached skill level 3 in Axes
  4009 | D:4      | Found Sewkehuz's Antique Weapon Shoppe.
  4067 | D:5      | Entered Level 5 of the Dungeon
  4353 | D:5      | Reached skill level 4 in Axes
  4353 | D:5      | Reached XP level 8. HP: 48/48 MP: 8/8
  4378 | D:5      | Noticed Blork the orc
  4386 | D:5      | Killed Blork the orc
  4812 | D:6      | Reached skill level 5 in Shields
  4881 | D:6      | Reached skill level 5 in Axes
  4950 | D:6      | Reached skill level 5 in Fighting
  5152 | D:6      | Gained mutation: You are somewhat inexperienced. (-2 XL)
                  | [Ru sacrifice]
  5152 | D:6      | Reached XP level 7. HP: 44/44 MP: 7/7
  5152 | D:6      | Reached XP level 6. HP: 40/40 MP: 6/6
  5152 | D:6      | Reached ** piety under Ru
  5152 | D:6      | Reached *** piety under Ru
  5186 | D:6      | Found a staircase to the Ecumenical Temple.
  5247 | D:6      | Reached skill level 6 in Axes
  5439 | D:6      | Found a runed translucent gate.
  5439 | D:6      | Identified the +1 chain mail "Okkusac" {rElec Int+7}
  5439 | D:6      | Noticed Peloso's ghost (novice MiFi)
  5440 | D:6      | Found a runed translucent gate.
  5441 | D:6      | Found a runed translucent gate.
  5708 | D:6      | Reached skill level 1 in Stealth
  5708 | D:6      | Reached XP level 7. HP: 33/44 MP: 7/7
  5839 | D:6      | Found a shimmering altar of Xom.
  6199 | D:7      | Identified the +10 dagger "Haupeuf" {vorpal, Fly Will+++
                  | Str+3 Dex-3}
  6250 | D:7      | Noticed Menkaure
  6256 | D:7      | Killed Menkaure
  6404 | D:7      | Found Visan's General Store.
  6411 | D:7      | Noticed Harold
  6427 | D:7      | Killed Harold
  6428 | D:7      | Reached skill level 1 in Short Blades
  6428 | D:7      | Reached skill level 7 in Axes
  6609 | D:7      | Noticed Joseph
  6628 | D:7      | Killed Joseph
  6629 | D:7      | Reached XP level 8. HP: 11/52 MP: 8/8
  6852 | D:7      | Found a flagged portal.
  6873 | Bailey   | Entered a bailey
  7175 | Bailey   | Reached skill level 8 in Axes
  7358 | Bailey   | Noticed an orc knight
  7378 | Bailey   | Killed an orc knight
  7381 | Bailey   | Identified the +2 plate armour of Snakes and Ladders
                  | {Rampage rF+ rC++ rN+}
  8208 | D:8      | Noticed Erica
  8228 | D:8      | Killed Erica
  8458 | D:8      | Gained mutation: Your casting is slightly disrupted. [Ru
                  | sacrifice]
  8718 | D:9      | Reached skill level 9 in Axes
  8729 | D:9      | Slain by a yak

Illustrated notes

Levels and vault maps discovered:
D:1:      elethiomel_arrival_shortcut, layout_basic,
          hellmonk_ecumenical_altar_prayer_group, serial_shops, shop_statue
D:2:      layout_basic, basic_altar, chequers_serial_rivers_room_a,
          minmay_tiny_reverse_x, uniq_jessica, uniq_terence, uniq_robin
D:3:      layout_basic, st_stairs_4, chequers_serial_rivers_micro_c,
          minmay_surrounded
D:4:      layout_basic, kennysheep_small_circle
D:5:      layout_cave_pods, uniq_blork_the_orc
D:6:      layout_basic, mainiacjoe_overflow_tiny_flanked,
          minmay_temple_entry_nine_rooms, biasface_ghost_orc_armoury
D:7:      layout_rooms, enter_bailey_6, serial_shops, kennysheep_little_box,
          minivault_11, uniq_menkaure, uniq_harold, uniq_joseph
D:8:      layout_loops_ring, wad_floor_pattern_untrapped, uniq_erica
D:9:      layout_loops_ring, nicolae_wooded_promenade

Skill      XL: |  1  2  3  4  5  6  7  8 |
---------------+-------------------------+-----
Armour         | 4 5 8 6 |  8.6
Maces & Flails | 3 4 |  4.0
Shields        | 4 6 |  6.5
Fighting       | 4 6 7 |  7.1
Axes           | 6 7 9 |  9.1
Stealth        | 1 3 |  3.2
Short Blades   | 2 3 |  3.1

Action                   |  1- 3 |  4- 6 |  7- 9 || total
-------------------------+-------+-------+-------++-------
Melee: Flail             |   126 |    52 |       ||   178
       Hand axe          |       |    94 |    92 ||   186
       War axe           |       |    52 |   202 ||   254
       Dagger            |       |       |    74 ||    74
Invok: Sacrifice Nimblen |       |     1 |       ||     1
       Sacrifice Experie |       |     1 |       ||     1
       Draw Out Power    |       |       |     1 ||     1
       Sacrifice Essence |       |       |     1 ||     1
  Use: Scroll            |       |     1 |    12 ||    13
       Potion            |       |       |     2 ||     2
 Stab: Invisible         |       |       |     5 ||     5
Armor: Scale mail        |    33 |       |       ||    33
       Plate armour      |    58 |    73 |    48 ||   179
       Ring mail         |       |    85 |   126 ||   211
Dodge: Dodged            |    48 |    95 |   147 ||   290
Block: Buckler           |    28 |    49 |    84 ||   161
